 Dungeon Crawl Stone Soup version 0.22-a0-422-g9628fc87f1 (webtiles) character file.

26 Kriby the Ducker (level 2, 0/15 HPs)
             Began as a Spriggan Gladiator on May 19, 2018.
             Succumbed to an adder's poison
             ... on level 2 of the Dungeon.
             The game lasted 00:00:49 (1080 turns).

Kriby the Ducker (Spriggan Gladiator)               Turns: 1080, Time: 00:00:50

Health: 0/15       AC:  2    Str: 10    XL:     2   Next: 89%
Magic:  3/3        EV: 20    Int:  9    God:
Gold:   35         SH:  0    Dex: 17    Spells: 1/1 levels left

rFire    . . .     SeeInvis +   a - +0 quarterstaff
rCold    . . .     Gourm    .   (shield currently unavailable)
rNeg     . . .     Faith    .   b - +0 robe
rPois    .         Spirit   .   c - +0 hat
rElec    .         Reflect  .   (no cloak)
rCorr    .         Harm     .   (gloves unavailable)
MR       .....                  (boots unavailable)
Stlth    ++........             (no amulet)
HPRegen  0.05/turn              (no ring)
MPRegen  0.08/turn              (no ring)

@: lethally poisoned (0 -> -6), berserk cooldown, very quick
A: very small, unfitting armour, see invisible, herbivore, speed 3, slow
metabolism 2
a: no special abilities


You were on level 2 of the Dungeon.
You were not hungry.

You visited 1 branch of the dungeon, and saw 2 of its levels.

You collected 35 gold pieces.

Inventory:

Hand Weapons
 a - a +0 quarterstaff (weapon)
Missiles
 d - 3 throwing nets (quivered)
Armour
 b - a +0 robe (worn)
 c - a +0 hat (worn)
Scrolls
 e - a scroll of random uselessness {unknown}
Potions
 j - a potion of flight
 k - a potion of invisibility {unknown}
Comestibles
 f - 2 rations {@e1}


   Skills:
 + Level 1.9 Fighting
 + Level 2.3 Staves
 - Level 2.0 Throwing
 + Level 0.5 Armour
 * Level 5.1 Dodging


You had one spell level left.
You didn't know any spells.
Your spell library was empty.

Dungeon Overview and Level Annotations

Branches:
Dungeon (2/15)

Altars:


Innate Abilities, Weirdness & Mutations

You are very small and have problems with some larger weapons.
You are too small for most types of armour.
You have supernaturally acute eyesight. (SInv)
You are a herbivore.
You cover ground extremely quickly.
You need to consume almost no food.


Message History

A red film seems to cover your vision as you go berserk!
You feel yourself moving faster!
You feel mighty!
There is a lethal amount of poison in your body!
You feel a strong urge to attack something.
* * * LOW HITPOINT WARNING * * *
You feel sick.
You are too berserk!
You feel your anger nearly subside.
You are no longer berserk.
You are exhausted.
You feel yourself slow down.
* * * LOW HITPOINT WARNING * * *
You feel sick.
It was a potion of haste.
You feel yourself speed up.
It was a potion of cancellation.
Your magical effects are unravelling.
You feel magically purged.
You feel yourself speed up.
You feel yourself slow down.
You float gracefully downwards.
You die...

## ###########.#
#.@†........#
#.#########.# #.#
#.....#.######
#.###.###.#.#....#
#.....###.#.#.##.#
#######....)...#.#
.........#.#..#.#
..........>..#.#
#............#.##


There were no monsters in sight!

Vanquished Creatures
  An adder (D:2)
  A bat (D:2)
  3 goblins (D:1)
  4 hobgoblins
  3 kobolds (D:1)
  A frilled lizard (D:1)
  3 rats
  A bush (D:1)
17 creatures vanquished.

Notes
Turn   | Place    | Note
-------+----------+-------------------------------------------
     0 | D:1      | Kriby the Spriggan Gladiator began the quest for the Orb.
     0 | D:1      | Reached XP level 1. HP: 10/10 MP: 2/2
   111 | D:1      | Reached XP level 2. HP: 6/15 MP: 3/3
  1071 | D:2      | Reached skill level 5 in Dodging
  1080 | D:2      | Succumbed to an adder's poison

Vault maps used:
D:1:      dpeg_arrival_tiny_i, serial_forest, infiniplex_forest_lined_room_3,
          infiniplex_forest_end_1, infiniplex_forest_clump_small,
          infiniplex_forest_clump_diagonal, infiniplex_forest_zigzag_1,
          infiniplex_forest_straight_1, infiniplex_forest_clump_small,
          infiniplex_forest_straight_3, infiniplex_forest_corner_1,
          infiniplex_forest_fountain, minmay_misc_feat_plants
D:2:      first_ration, minivault_11, minmay_pentomino_r2

Skill      XL: |  1  2 |
---------------+-------+-----
Dodging        | 5 |  5.1
Fighting       | |  1.9
Staves         | |  2.3
Throwing       | |  2.0
Armour         | |  0.5

Action                   || total
-------------------------++-------
Melee: Quarterstaff      ||   143
  Use: Potion            ||     4
Armor: Robe              ||     2
Dodge: Dodged            ||    37

Table legend:
 A = Spawn XP
 B = Non-spawn XP
 C = Spawn XP percentage of total XP
 D = Spawn monster count
 E = Non-spawn monster count
 F = Spawn count percentage of total count
 G = Total turns spent on level
                    A         B        C        D         E        F      G
               +---------+---------+-------+---------+---------+-------+---------
         Total |       0 |      38 |   0.0 |       0 |      16 |   0.0 |  1080
               +---------+---------+-------+---------+---------+-------+---------
           D:1 |       0 |      19 |   0.0 |       0 |      12 |   0.0 |   910
           D:2 |       0 |      19 |   0.0 |       0 |       4 |   0.0 |   170
               +---------+---------+-------+---------+---------+-------+---------
